 Dungeon Crawl Stone Soup version 0.29-a0-231-g945431f764 (webtiles) character file.

Game seed: 3782708279198606225

249 siradein the Ducker (level 5, -7/41 HPs)
             Began as a Vampire Gladiator on Feb 28, 2022.
             Mangled by a gnoll
             ... wielding a +0 halberd
              (10 damage)
             ... on level 3 of the Dungeon.
             The game lasted 00:05:14 (2299 turns).

siradein the Ducker (Vampire Gladiator)             Turns: 2299, Time: 00:05:15

Health: -7/41      AC:  6    Str: 13    XL:     5   Next: 86%
Magic:  5/5        EV: 13    Int: 11    God:
Gold:   171        SH:  0    Dex: 17    Spells: 4/4 levels left

rFire   . . .      SeeInvis +   h - +6 hand axe of Calamity {freeze, Will+ rCorr}
rCold   . . .      Faith    .   (no shield)
rNeg    . . .      Spirit   .   b - +0 leather armour
rPois   .          Reflect  .   f - +2 helmet
rElec   .          Harm     .   (no cloak)
rCorr   +          Rampage  .   (no gloves)
Will    +....                   (no boots)
Stlth   +.........              (no amulet)
HPRegen 0.33/turn               (no ring)
MPRegen 0.09/turn               (no ring)

@: healing quickly
A: alive, fangs 3, see invisible, vampiric 2
a: Exsanguinate


You were on level 3 of the Dungeon.
You visited 1 branch of the dungeon, and saw 3 of its levels.

You collected 171 gold pieces.

Inventory:

Hand Weapons
 a - a +0 rapier
 h - the +6 hand axe of Calamity (weapon) {freeze, Will+ rCorr}
   (You found it on level 2 of the Dungeon)

   It freezes those it strikes, dealing additional cold damage.
   It can also slow down cold-blooded creatures.
   rCorr:     It protects you from acid and corrosion.
   Will:      It increases your willpower.
Missiles
 d - 3 throwing nets (quivered)
Armour
 b - a +0 leather armour (worn)
 f - a +2 helmet (worn)
Jewellery
 j - a ring of ice
Wands
 m - a wand of iceblast (8)
Scrolls
 c - a scroll of vulnerability {unknown}
 e - a scroll of fog {unknown}
 g - a scroll of noise {unknown}
 i - 2 scrolls of fear {unknown}
 n - 3 scrolls of identify {unknown}
Potions
 k - a potion of attraction {unknown}
 l - a potion of might {unknown}
 o - a potion of curing {unknown}
 p - 2 potions of lignification {unknown}
 q - a potion of flight {unknown}


   Skills:
 + Level 3.1 Fighting
 + Level 4.5 Short Blades
 + Level 2.8 Throwing
 + Level 4.6 Dodging


You had 4 spell levels left.
You didn't know any spells.
Your spell library was empty.

Dungeon Overview and Level Annotations

Branches:
Dungeon (3/15)

Altars:


Innate Abilities, Weirdness & Mutations

Your natural rate of healing is accelerated.
You have razor-sharp teeth.
You have supernaturally acute eyesight. (SInv)
You are afflicted with vampirism and can become a bat while bloodless.


Message History

You kill the kobold!
You hit the hobgoblin. You freeze the hobgoblin.
You kill the hobgoblin!
The gnoll hits you but does no damage.
You barely miss the hobgoblin. The gnoll closely misses you.
The hobgoblin hits you but does no damage.
The gnoll hits you from afar with a +0 halberd!
The hobgoblin hits you but does no damage.
You hit the hobgoblin. You freeze the hobgoblin. You bite the hobgoblin.
The hobgoblin is almost dead.
The gnoll hits you but does no damage. The hobgoblin barely misses you.
You hit the hobgoblin. You freeze the hobgoblin.
You kill the hobgoblin!
The gnoll hits you from afar with a +0 halberd!
* * * LOW HITPOINT WARNING * * *
You are too injured to fight recklessly!
You are too injured to fight recklessly!
You are too injured to fight recklessly!
You are too injured to fight recklessly!
You are too injured to fight recklessly!
You closely miss the hobgoblin.
The hobgoblin hits you but does no damage.
The gnoll hits you from afar with a +0 halberd!
* * * LOW HITPOINT WARNING * * *
The gnoll barely misses you.
You hit the kobold. You freeze the kobold.
You kill the kobold!
You hit the hobgoblin. You freeze the hobgoblin.
You kill the hobgoblin!
The gnoll closely misses you. The hobgoblin barely misses you.
You hit the hobgoblin. You freeze the hobgoblin.
You kill the hobgoblin!
The gnoll closely misses you. The gnoll closely misses you.
There is an open door here.
Items here: ))) †††.
You hit the gnoll. You freeze the gnoll. You bite the gnoll.
The gnoll is severely wounded.
The gnoll barely misses you. The gnoll hits you with a +0 halberd!
You die...

##### #$$$###############
#$$$#..............
#g$$#.)............
#@##..............
#.).)..########... #..)).)#
#... #......########...
##'##..............
#...#..............
≈≈≈≈≈≈≈≈#...#.............)
≈≈≈≈≈≈≈≈#...###############
≈≈≈≈≈≈≈≈#####≈≈≈≈≈≈≈≈≈≈≈≈≈≈


You could see a gnoll.

Vanquished Creatures
  An orc wizard (D:3)
  12 gnolls
  2 worms (D:2)
  2 dart slugs
  2 orcs (D:3)
  4 ball pythons
  6 bats
  3 endoplasms
  A giant cockroach (D:1)
  17 goblins
  19 hobgoblins
  7 kobolds
  3 quokkas
  6 frilled lizards
  9 rats
94 creatures vanquished.

Notes
Turn   | Place    | Note
-------+----------+-------------------------------------------
     0 | D:1      | siradein the Vampire Gladiator began the quest for the Orb.
     0 | D:1      | Reached XP level 1. HP: 16/16 MP: 1/1
   120 | D:1      | Reached XP level 2. HP: 18/22 MP: 2/2
   607 | D:1      | Gained mutation: You are afflicted with vampirism and can
                  | become a bat while bloodless. [Vampire growth]
   607 | D:1      | Reached XP level 3. HP: 17/23 MP: 3/3
   863 | D:2      | Identified the +6 hand axe of Calamity {freeze, Will+
                  | rCorr}
   905 | D:2      | Reached XP level 4. HP: 8/34 MP: 4/4
  1065 | D:2      | Found a faded altar of an unknown god.
  1765 | D:3      | Reached XP level 5. HP: 22/39 MP: 5/5
  2295 | D:3      | HP: 1/41 [gnoll/+0 halberd (8)]
  2299 | D:3      | Mangled by a gnoll

Illustrated notes

Levels and vault maps discovered:
D:1:      dpeg_arrival_renting, layout_basic, minmay_pentomino_u4
D:2:      layout_loops_cross, hellmonk_ecumenical_altar_leap_of_faith
D:3:      minmay_goblin_kobold_castle, layout_loops_ring,
          mainiacjoe_overflow_boulevard

Skill      XL: |  1  2  3  4  5 |
---------------+----------------+-----
Fighting       | 2 3 |  3.1
Throwing       | 2 |  2.8
Dodging        | 4 |  4.6
Short Blades   | 4 |  4.5

Action                   |  1- 3 |  4- 6 || total
-------------------------+-------+-------++-------
Melee: Rapier            |    82 |    63 ||   145
       Bite              |     4 |    10 ||    14
       Hand axe          |    14 |    60 ||    74
       Punch             |       |     2 ||     2
 Stab: Sleeping          |     3 |     2 ||     5
Armor: Leather armour    |    41 |    36 ||    77
Dodge: Dodged            |    66 |    94 ||   160

Table legend: (Time is in decaauts)
 A = Elapsed time spent in this place.
 B = Non-inter-level travel time spent in this place.
 C = Inter-level travel time spent in this place.
 D = Time resting spent in this place.
 E = Time spent auto-exploring this place.
 F = Levels seen in this place.
 G = Mean time per level.
                   A        B        C        D        E       F      G
               +--------+--------+--------+--------+--------+-----+--------+
         Total |   2320 |   2252 |     68 |      5 |   1705 |   3 |  773.3 |
       Dungeon |   2320 |   2252 |     68 |      5 |   1705 |   3 |  773.3 |
               +--------+--------+--------+--------+--------+-----+--------+

Top non-repeatable levels by time:
     D:1: 848 daAuts
     D:2: 764 daAuts
     D:3: 707 daAuts
